Map: [ESL] Altitude

Players

A.I. 1 (Very Easy) - Winner!

  • Race: Terran Terran
  • Spawn Location: 7:00

llllllllllll

  • Race: Terran Terran
  • League: Master
  • Spawn Location: 1:00

VOD

Have the link to the VOD?

Description

Time

  • Played on: Jan. 9, 2023, 3:27 p.m.
  • Length: 5:27
Show
View Real Time Build Order
Export as new Build Order

A.I. 1 (Very Easy) Terran - Winner!

Build Orders:  

Get SALT Encoding   

  12  0:00  SCV  
  13  0:13  SCV  
  14  0:18  Supply Depot  
  14  0:43  Barracks  
  14  0:56  Supply Depot  
  14  1:02  Refinery  
  14  1:04  SCV  
  15  1:14  Refinery  
  15  1:18  SCV  
  16  1:30  SCV  
  16  1:31  Marine  
  18  1:42  SCV  
  19  1:49  Reaper  
  20  1:54  SCV  
  21  2:06  SCV  
  22  2:18  Orbital Command  
  22  2:33  Marine  
  22  2:35  Supply Depot  
  23  2:44  SCV  
  24  2:56  SCV  
  25  2:59  Factory  
  25  3:02  Supply Depot  
  25  3:08  SCV  
  26  3:17  Marine  
  27  3:20  SCV  
  28  3:32  SCV  
  29  3:44  SCV  
  29  3:45  Starport  
  30  3:56  SCV  
  30  4:02  Marine  
  32  4:22  Starport Tech Lab  
  32  4:40  Raven  
  34  4:46  Marine  
Show
View Real Time Build Order
Export as new Build Order

llllllllllll Terran 

Build Orders:  

Get SALT Encoding   

  12  0:00  SCV  
  13  0:12  SCV  
  14  0:18  Supply Depot  
  14  0:24  SCV  
  15  0:40  SCV  
  15  0:41  Barracks  
  16  0:45  Refinery  
  16  0:52  SCV  
  16  0:54  Refinery  
  17  1:04  SCV  
  18  1:16  SCV  
  19  1:28  Orbital Command, Reaper  
  19  1:31  Supply Depot  
  20  1:42  Factory  
  20  1:54  SCV  
  21  2:03  Reaper  
  21  2:06  SCV  
  23  2:18  SCV  
  23  2:21  Command Center  
  24  2:28  Hellion  
  26  2:32  Supply Depot  
  26  2:35  Reaper, SCV  
  28  2:47  SCV, Starport  
  29  2:53  Hellion  
  31  2:59  SCV  
  32  3:07  Barracks Reactor, Refinery  
  32  3:11  SCV  
  33  3:14  Factory Tech Lab  
  33  3:23  SCV  
  33  3:24  Starport Tech Lab  
  34  3:33  Orbital Command  
  34  3:35  Cyclone  
  34  3:39  SCV  
  38  3:43  Marine x2  
  40  3:49  Raven  
  40  3:51  SCV  
  43  3:56  Supply Depot  
  43  3:59  SCV  
  43  4:01  Marine x2  
  46  4:03  SCV  
  46  4:08  Siege Tank  
  50  4:11  SCV  
  50  4:15  SCV  
  52  4:19  Marine, Supply Depot  
  52  4:21  Marine  
  54  4:25  SCV  
  54  4:27  SCV  
  56  4:32  Raven  
  56  4:37  SCV  
  59  4:39  Marine x2  
  59  4:40  SCV  
  59  4:42  Supply Depot  
  59  4:45  Siege Tank  
  65  4:49  SCV  
  65  4:52  SCV  
  67  4:55  Supply Depot  
  67  4:57  Marine x2  
  69  5:01  SCV  
  69  5:04  SCV  
  71  5:13  SCV  
  72  5:15  Supply Depot  
Tags
 
League
Master
Matchup
TvT
Race
Terran
Spawn Locations
Cross Positions
Add a new tag
Caveats
  • Supply blocks, unpowered buildings, or Contaminate may cause inaccurate times.
  • Supply counts are checked every 10 seconds.